 Dungeon Sprint DCSS version 0.21.1-1-g345015f (webtiles) character file.

3000000 Fang the Axe Maniac (level 22, -25/169 HPs)
             Began as a Gargoyle Gladiator on May 17, 2018.
             Was the Champion of Makhleb.
             Annihilated by a destroyer
             ... wielding a +9 great sword of slicing
              (194 damage)
             ... in the Dungeon (Sprint VIII: "Arena of Blood").
             The game lasted 00:00:44 (30 turns).

Fang the Axe Maniac (Gargoyle Gladiator)              Turns: 30, Time: 00:00:45

Health: -25/169    AC: 25    Str: 26    XL:     22   Next: 82%
Magic:  20/49      EV: 27    Int: 11    God:    Makhleb [******]
Gold:   0          SH:  0    Dex: 11    Spells: 68/68 levels left

rFire    . . .     SeeInvis .   l - +∞ Axe of Woe
rCold    . . .     Gourm    .   (shield currently unavailable)
rNeg     + . .     Faith    .   b - +0 leather armour
rPois    ∞         Spirit   .   c - +0 helmet
rElec    +         Reflect  .   (no cloak)
rCorr    .         Harm     .   (no gloves)
MR       +....     NoTele   +   (no boots)
Stlth    +++++++++.             (no amulet)
HPRegen  0.38/turn              (no ring)
MPRegen  0.31/turn              (no ring)

@: no status effects
A: big wings, negative energy resistance 1, electricity resistance, unbreathing,
petrification resistance, rot immunity, AC +16
a: Fly, Minor Destruction, Lesser Servant of Makhleb, Major Destruction, Greater
Servant of Makhleb, Renounce Religion


You were in the Dungeon.
You worshipped Makhleb.
Makhleb was exalted by your worship.
You were not hungry.

You visited 1 branch

Inventory:

Hand Weapons
 a - a +0 war axe
 l - the +∞ Axe of Woe (weapon)
   (You found it in the Dungeon)
Missiles
 d - 3 throwing nets (quivered)
Armour
 b - a +0 leather armour (worn)
 c - a +0 helmet (worn)
Scrolls
 k - a scroll of blinking
Potions
 e - a potion of curing
 g - a potion of heal wounds
 h - a potion of haste
 i - 2 potions of magic
 j - a potion of berserk rage
Comestibles
 f - a ration


   Skills:
 O Level 27 Fighting
 O Level 27 Axes
 O Level 27 Throwing
 O Level 27 Armour
 O Level 27 Dodging
 O Level 27 Stealth
 + Level 25.4 Unarmed Combat
 + Level 23.7 Spellcasting
 O Level 27 Invocations


You had 68 spell levels left.
You didn't know any spells.

Dungeon Overview and Level Annotations

Branches:
Dungeon (1/1)

Altars:
Makhleb


Innate Abilities, Weirdness & Mutations

You are resistant to torment.
Your stone body is resilient. (AC +16)
You are immune to poison.
Your large and strong wings let you fly indefinitely.
You resist negative energy. (rN+)
You are resistant to electric shocks. (rElec)
You can survive without breathing.
You are immune to petrification.
You are immune to rotting.


Message History

You slice the destroyer!!
You dissect the destroyer like a pig carcass.
You destroy the destroyer!
Makhleb accepts your kill.
You have mastered Armour!
You have mastered Stealth!
Your Unarmed Combat skill gained 2 levels and is now at level 25!
Your Spellcasting skill gained 2 levels and is now at level 23!
You have mastered Invocations!
You hear a shout!
The destroyer blinks! x2
An orc and a vampire knight come into view.
The destroyer is wielding a +9 great sword of slicing.
You hear a shout! x7
The Servant appears out of thin air!
Harold the Weathered comes into view.
He is wielding a +9 glaive of flaming.
The destroyer moves out of view.
You hear a shout!
The destroyer hits you with a +9 great sword of slicing!!!!!
Ouch! That really hurt!
You die...

. #... ..#
o...###... ..###.
........§###......
.#........_......
.......#....o#
.......#_.<._#
.......#)....#..
.#.......)_......
......V@)###......
...§###§§§.V..###.
... #§§§@...#
#oo§.Oo.#
......Oo..
...........
............
.§.O........#
..%#........#.


You could see The Servant (wandering), 2 destroyers, a large bag of meat (inner
flame), 2 meat berserkers and 6 bags of meat.

Vanquished Creatures
  A vampire knight (D)
  7 ogres (D)
  2 two-headed ogres (D)
  16 orcs (D)
26 creatures vanquished.

Notes
Turn   | Place    | Note
-------+----------+-------------------------------------------
     0 | D        | Found the +∞ Axe of Woe
     0 | D        | Fang the Gargoyle Gladiator began the quest for the Orb.
     0 | D        | Reached XP level 1. HP: 12/12 MP: 1/1
     3 | D        | Noticed a bag of meat
     4 | D        | Became a worshipper of Makhleb the Destroyer
     8 | D        | Killed a bag of meat
     8 | D        | Reached skill level 10 in Fighting
     8 | D        | Reached skill level 15 in Dodging
     8 | D        | Reached XP level 2. HP: 28/28 MP: 2/2
     8 | D        | Reached XP level 3. HP: 33/33 MP: 3/3
     8 | D        | Reached XP level 4. HP: 39/39 MP: 4/4
     8 | D        | Reached XP level 5. HP: 43/43 MP: 5/5
     8 | D        | Reached XP level 6. HP: 48/48 MP: 6/6
     8 | D        | Reached XP level 7. HP: 53/53 MP: 7/7
     8 | D        | Reached XP level 8. HP: 59/59 MP: 8/8
     8 | D        | Reached XP level 9. HP: 63/63 MP: 9/9
     8 | D        | Reached XP level 10. HP: 68/68 MP: 10/10
     8 | D        | Reached XP level 11. HP: 73/73 MP: 11/11
     8 | D        | Reached XP level 12. HP: 79/79 MP: 12/12
     9 | D        | Noticed a bag of meat
    10 | D        | Noticed a bag of meat
    10 | D        | Noticed a bag of meat
    11 | D        | Noticed a bag of meat
    11 | D        | Noticed a large bag of meat
    12 | D        | Noticed a bag of meat
    12 | D        | Noticed a bag of meat
    12 | D        | Noticed a meat berserker
    12 | D        | Killed a bag of meat
    12 | D        | Reached * piety under Makhleb
    12 | D        | Reached skill level 10 in Throwing
    12 | D        | Reached XP level 13. HP: 87/87 MP: 13/13
    13 | D        | Noticed a bag of meat
    13 | D        | Noticed a meat berserker
    13 | D        | Noticed a bag of meat
    14 | D        | Noticed a bag of meat
    14 | D        | Noticed a bag of meat
    14 | D        | Killed a bag of meat
    14 | D        | Gained mutation: Your large and strong wings let you fly indefinitely. [Gargoyle growth]
    14 | D        | Reached XP level 14. HP: 95/95 MP: 14/14
    14 | D        | Killed a bag of meat
    15 | D        | Noticed a bag of meat
    15 | D        | Noticed a bag of meat
    15 | D        | Killed a meat berserker
    15 | D        | Reached ** piety under Makhleb
    15 | D        | Reached XP level 15. HP: 105/105 MP: 15/15
    16 | D        | Killed a large bag of meat
    16 | D        | Reached XP level 16. HP: 80/114 MP: 16/16
    16 | D        | Reached skill level 27 in Axes
    16 | D        | Reached skill level 15 in Throwing
    17 | D        | Noticed a meat berserker
    17 | D        | Noticed a meat berserker
    17 | D        | Killed a meat berserker
    17 | D        | Reached *** piety under Makhleb
    17 | D        | Reached XP level 17. HP: 89/126 MP: 17/17
    19 | D        | Noticed a meat berserker
    19 | D        | Noticed a meat berserker
    19 | D        | Killed a meat berserker
    19 | D        | Reached skill level 27 in Dodging
    19 | D        | Reached XP level 18. HP: 143/143 MP: 18/18
    19 | D        | Reached **** piety under Makhleb
    19 | D        | Reached skill level 27 in Fighting
    20 | D        | Reached XP level 19. HP: 151/151 MP: 19/19
    21 | D        | Noticed a large bag of meat
    21 | D        | Reached skill level 27 in Throwing
    22 | D        | Noticed a meat berserker
    22 | D        | Reached ***** piety under Makhleb
    22 | D        | Reached skill level 10 in Unarmed Combat
    23 | D        | Killed a meat berserker
    23 | D        | Reached skill level 15 in Stealth
    23 | D        | Reached XP level 20. HP: 157/157 MP: 19/36
    24 | D        | Reached skill level 15 in Unarmed Combat
    25 | D        | Killed a meat berserker
    25 | D        | Killed a large bag of meat
    25 | D        | Reached XP level 21. HP: 163/163 MP: 19/43
    26 | D        | Killed a meat berserker
    26 | D        | Reached ****** piety under Makhleb
    27 | D        | Noticed a meat berserker
    27 | D        | Noticed a destroyer
    28 | D        | Noticed a meat berserker
    28 | D        | Killed a meat berserker
    28 | D        | Reached XP level 22. HP: 169/169 MP: 20/46
    29 | D        | Noticed a destroyer
    29 | D        | Noticed a destroyer
    29 | D        | Killed a destroyer
    29 | D        | Reached skill level 27 in Armour
    29 | D        | Reached skill level 27 in Stealth
    29 | D        | Reached skill level 27 in Invocations
    30 | D        | Noticed a destroyer
    30 | D        | Annihilated by a destroyer

Skill      XL: |  1  2  3  4  5  6  7  8  9 10 11 12 13 14 15 16 17 18 19 20 21 22 |
---------------+-------------------------------------------------------------------+-----
Fighting       | 10 12 13 16 18 21 25 27 | 27.0
Axes           | 17 19 21 24 26 27 | 27.0
Throwing       | 9 10 11 13 14 16 19 25 27 | 27.0
Dodging        | 15 17 18 21 22 25 27 | 27.0
Armour         | 14 21 23 27 | 27.0
Stealth        | 15 22 25 27 | 27.0
Unarmed Combat | 13 19 22 25 | 25.4
Spellcasting   | 12 18 20 23 | 23.7
Invocations    | 14 21 23 27 | 27.0

Action                   |  1- 3 |  4- 6 |  7- 9 | 10-12 | 13-15 | 16-18 | 19-21 | 22-24 || total
-------------------------+-------+-------+-------+-------+-------+-------+-------+-------++-------
Melee: Executioner's axe |     1 |       |       |     1 |     3 |     4 |     7 |     1 ||    17
Armor: Leather armour    |       |       |       |       |       |     1 |       |       ||     1
